 Dungeon Crawl Stone Soup version 0.31-a0-1074-g0b22e4e0f1 (webtiles) character file.

Game seed: 15289069397550416964

331 wildpjah the Chopper (level 6, 0/53 HPs)
             Began as a Minotaur Fighter on Dec 6, 2023.
             Slain by a gnoll
             ... wielding a +0 spear
              (3 damage)
             ... on level 5 of the Dungeon.
             The game lasted 00:03:49 (3176 turns).

wildpjah the Chopper (Minotaur Fighter)             Turns: 3176, Time: 00:03:50

Health: 0/53       AC:  7    Str: 22    XL:     6   Next: 26%
Magic:  5/5        EV:  9    Int:  5    God:
Gold:   191        SH:  4    Dex: 10    Spells: 5/5 levels left

rFire   . . .        a - +0 war axe
rCold   . . .        c - +0 buckler
rNeg    . . .        b - +0 scale mail
rPois   .            (helmet restricted)
rElec   .            (no cloak)
rCorr   +            (no gloves)
SInv    .            (no boots)
Will    .....        e - amulet of the acrobat Stlth
                     q - ring of resist corrosion
HPRegen 0.28/turn    (no ring)
MPRegen 0.09/turn

%: acrobat
@: no status effects
A: horns 2, retaliatory headbutt
a: no special abilities


You were on level 5 of the Dungeon.
You visited 1 branch of the dungeon, and saw 5 of its levels.

You collected 191 gold pieces.

Inventory:

Hand Weapons
 a - a +0 war axe (weapon)
Missiles
 f - 2 throwing nets (quivered)
Armour
 b - a +0 scale mail (worn)
 c - a +0 buckler (worn)
Jewellery
 e - an amulet of the acrobat (around neck)
 q - a ring of resist corrosion (left hand)
Wands
 j - a wand of acid (6)
 u - a wand of digging (6)
Scrolls
 h - 2 scrolls of teleportation
 i - 2 scrolls of amnesia
 m - a scroll of enchant weapon {unknown}
 r - a scroll of fear {unknown}
 s - 2 scrolls of identify {unknown}
Potions
 d - 2 potions of might
 g - 4 potions of degeneration {unknown}
 l - a potion of attraction {unknown}
 n - a potion of lignification {unknown}
 o - a potion of curing {unknown}
 p - a potion of brilliance {unknown}
 t - a potion of enlightenment {unknown}


   Skills:
 + Level 4.6 Fighting
 + Level 5.7 Axes
 + Level 5.1 Armour
 + Level 1.0 Dodging
 + Level 0.7 Stealth
 + Level 4.2 Shields


You had 5 spell levels left.
You didn't know any spells.
Your spell library contained the following spells:

 Spells                   Type           Power      Damage    Failure   Level
 Cigotuvi's Dreadful Rot  Necr/Pois/Air  0%         N/A       94%         2
 Lesser Beckoning         Tloc           0%         N/A       94%         2
 Volatile Blastmotes      Fire/Tloc      0%         2d10      99%         3
 Fulminant Prism          Conj/Hex       0%         3d5       100%        4
 Iskenderun's Mystic Bla  Conj/Tloc      0%         2d3       100%        4
 Summon Forest            Summ/Tloc      0%         N/A       100%        5


Dungeon Overview and Level Annotations

Branches:
Dungeon (5/15)
 Temple: D:4-7

Altars:
Nemelex Xobeh

Shops:
D:1 *   D:4 [

Annotations:
D:5 Blork the orc


Innate Abilities, Weirdness & Mutations

You have a pair of horns on your head.
You reflexively headbutt those who attack you in melee.


Message History

You slash the gnoll! You headbutt the gnoll.
You kill the gnoll!
The gnoll hits you from afar with a +0 spear.
Blork the orc comes into view.
He is wielding a +2 long sword of draining.
The gnoll misses you. x2
Things that are here:
a +0 club; a gnoll corpse You hit the gnoll.
The gnoll is moderately wounded.
The gnoll hits you with a +0 spear.
The gnoll hits you from afar with a +0 spear!
The gnoll hits you with a +0 spear.
The gnoll hits you from afar with a +0 spear.
You closely miss the gnoll.
The gnoll is moderately wounded.
The gnoll closely misses you. The gnoll hits you with a +0 spear.
You barely miss the gnoll. Your headbutt misses the gnoll.
The gnoll is moderately wounded.
You block the gnoll's attack. The gnoll closely misses you.
You hit the gnoll.
The gnoll is severely wounded.
The gnoll hits you from afar with a +0 spear.
The gnoll hits you with a +0 spear.
You slash the gnoll!
You kill the gnoll!
Blork the orc looks braver for a moment.
The gnoll hits you from afar with a +0 spear. x2
Your Dodging skill increases to level 1!
You closely miss Blork the orc.
Blork the orc gestures at you while chanting.
The magic dart hits you.
The gnoll hits you from afar with a +0 spear.
* * * LOW HITPOINT WARNING * * *
You barely miss Blork the orc. You headbutt Blork the orc.
Blork the orc is lightly wounded.
Blork the orc gestures at you while chanting.
The puff of flame hits you!
* * * LOW HITPOINT WARNING * * *
The gnoll hits you from afar with a +0 spear.
You die...

####....####
.............
'########.#.# .# .. .# #
.## ## ..#+ # ..
...######. ####.####
.(......+.#####.@og...#
......###.......##'##...
#....## #.#.#..## ≈#
....## #.....## §# ....+
#....## ≈# ....## #....#
# #....# #...## +##..#
#...# ##.# #.#.#


You could see Blork the orc and a gnoll.

Vanquished Creatures
  An ogre (D:4)
  A scorpion (D:4)
  An orc priest (D:3)
  A sleepcap (D:3)
  5 gnolls
  An adder (D:3)
  A dart slug (D:2)
  7 orcs
  6 ball pythons
  6 endoplasms
  A giant cockroach (D:4)
  3 goblins
  4 hobgoblins
  6 jackals
  3 quokkas
  4 bats
  4 frilled lizards
  7 kobolds
  6 rats
68 creatures vanquished.

Notes
Turn   | Place    | Note
-------+----------+-------------------------------------------
     0 | D:1      | wildpjah the Minotaur Fighter began the quest for the Orb.
     0 | D:1      | Reached XP level 1. HP: 19/19 MP: 0/0
   265 | D:1      | Reached XP level 2. HP: 27/27 MP: 1/1
   415 | D:1      | Found Hylinar's Assorted Antiques.
   731 | D:1      | Found a faded altar of an unknown god.
   968 | D:2      | Reached XP level 3. HP: 33/33 MP: 2/2
  1207 | D:2      | Found a sparkling altar of Nemelex Xobeh.
  1217 | D:2      | Got the Volume of Virulence and Space
  1642 | D:3      | Reached XP level 4. HP: 41/41 MP: 3/3
  2161 | D:3      | Reached XP level 5. HP: 28/47 MP: 4/4
  2397 | D:4      | Found Herev's Armour Emporium.
  2600 | D:4      | Noticed an ogre
  2609 | D:4      | Killed an ogre
  2610 | D:4      | Reached skill level 5 in Axes
  2610 | D:4      | Reached skill level 5 in Armour
  2994 | D:4      | Reached XP level 6. HP: 52/53 MP: 5/5
  3098 | D:5      | Entered Level 5 of the Dungeon
  3169 | D:5      | Noticed Blork the orc
  3175 | D:5      | Reached skill level 1 in Dodging
  3176 | D:5      | Slain by a gnoll

Illustrated notes

Levels and vault maps discovered:
D:1:      dpeg_arrival_simpleton_a, layout_loops_corners, serial_shops,
          nicolae_shop_advertising_works [nicolae_subvault_shop_adworks],
          shapermc_ecumenical_altar_totnotflames, serial_park_tiny_pond
D:2:      layout_loops_ring, basic_altar, serial_bayou_lagoon_a
D:3:      layout_loops_cross, grunt_decor_clamped
D:4:      layout_basic, serial_shops, nicolae_shop_window_shopping
D:5:      layout_loops_ring, gammafunk_temple_overflow_claw,
          minmay_temple_entry_arrows, gup_sewer_entry_spiral, minmay_pentangle,
          uniq_blork_the_orc, uniq_duvessa

Skill      XL: |  1  2  3  4  5  6 |
---------------+-------------------+-----
Armour         | 4 5 |  5.1
Fighting       | 4 |  4.6
Axes           | 3 4 5 |  5.7
Shields        | 4 |  4.2
Dodging        | 1 |  1.0
Stealth        | |  0.7

Action                     |  1- 3 |  4- 6 || total
---------------------------+-------+-------++-------
  Melee: War axe           |    76 |    71 ||   147
         Headbutt          |     4 |    16 ||    20
  Throw: Throwing net      |       |     1 ||     1
    Use: Scroll            |       |     3 ||     3
   Stab: Held in net/web   |       |     2 ||     2
 Armour: Scale mail        |    50 |    54 ||   104
  Dodge: Dodged            |    45 |    36 ||    81
  Block: Buckler           |    19 |    12 ||    31

Table legend: (Time is in decaauts)
 A = Elapsed time spent in this place.
 B = Non-inter-level travel time spent in this place.
 C = Inter-level travel time spent in this place.
 D = Time resting spent in this place.
 E = Time spent auto-exploring this place.
 F = Levels seen in this place.
 G = Mean time per level.
                   A        B        C        D        E       F      G
               +--------+--------+--------+--------+--------+-----+--------+
         Total |   3243 |   3140 |    103 |      0 |   2702 |   5 |  648.6 |
       Dungeon |   3243 |   3140 |    103 |      0 |   2702 |   5 |  648.6 |
               +--------+--------+--------+--------+--------+-----+--------+

Top non-repeatable levels by time:
     D:1: 862 daAuts
     D:3: 797 daAuts
     D:2: 773 daAuts
     D:4: 730 daAuts
     D:5: 80 daAuts
